 Dungeon Crawl Stone Soup version 0.29.0-15-g675c0067aa (webtiles) character file.

Game seed: 9648367492488378523

12 qw the Sneak (level 2, 0/19 HPs)
             Began as a Gargoyle Delver on Sept 11, 2022.
             Slain by an adder (1 damage)
             ... on level 4 of the Dungeon.
             The game lasted 00:00:02 (96 turns).

qw the Sneak (Gargoyle Delver)                        Turns: 96, Time: 00:00:02

Health: 0/19       AC:  8    Str: 15    XL:     2   Next: 33%
Magic:  2/2        EV:  9    Int: 10    God:
Gold:   8          SH:  0    Dex: 11    Spells: 1/1 levels left

rFire   . . .      SeeInvis .   a - +0 hand axe
rCold   . . .      Faith    .   (no shield)
rNeg    + . .      Spirit   .   h - +0 scale mail
rPois   inf        Reflect  .   (no helmet)
rElec   +          Harm     .   (no cloak)
rCorr   .          Rampage  .   (no gloves)
Will    .....                   (no boots)
Stlth   +.........              (no amulet)
HPRegen 0.06/turn               (no ring)
MPRegen 0.08/turn               (no ring)

@: no status effects
A: sickness immunity, AC +2, negative energy resistance 1, electricity
resistance, torment resistance 1, petrification resistance
a: no special abilities


You were on level 4 of the Dungeon.
You visited 1 branch of the dungeon, and saw 2 of its levels.

You collected 8 gold pieces.


Innate Abilities, Weirdness & Mutations

You are immune to sickness and miasma.
Your stone body is resilient. (AC +2)
You are immune to poison.
You resist negative energy. (rN+)
You are resistant to electric shocks. (rElec)
You are resistant to unholy torment.
You are immune to petrification.


   Skills:
 - Level 3.2 Fighting
 + Level 2.6 Axes
 - Level 1.5 Dodging
 - Level 5.4 Stealth


You had one spell level left.
You didn't know any spells.
Your spell library was empty.

Inventory:

Hand Weapons
 a - a +0 hand axe (weapon)
Armour
 h - a +0 scale mail (worn)
Wands
 g - a wand of digging (3)
Potions
 f - a potion of haste
 i - a potion of degeneration {unknown}

Dungeon Overview and Level Annotations

Branches:
Dungeon (5/15)
 Temple: D:4-7

Altars:


Message History

You kill the adder!
You closely miss the hound. You closely miss the kobold. You miss the kobold.
The hound bites you but does no damage.
The kobold hits you but does no damage. x2
The hound barely misses you.
You have reached level 2!
You hit the kobold but do no damage.
The kobold is severely wounded.
You closely miss the hound. You miss the adder. You hit the kobold.
The hound bites you but does no damage. The adder bites you.
The kobold barely misses you. The kobold closely misses you.
The hound bites you. The adder closely misses you.
You hit the kobold.
You kill the kobold!
You hit the hound. You hit the adder but do no damage. You hit the kobold.
You kill the kobold!
The hound misses you. The adder bites you but does no damage.
The hound bites you but does no damage.
You hit the hound.
The hound is severely wounded.
You closely miss the adder. The adder bites you but does no damage.
The hound bites you but does no damage. The adder bites you.
The hound bites you but does no damage.
You closely miss the hound.
The hound is severely wounded.
You closely miss the adder. The adder bites you but does no damage.
The hound bites you but does no damage.
You hit the hound.
The hound is almost dead.
You miss the adder. The hound bites you but does no damage.
The adder barely misses you. The hound closely misses you.
The adder bites you but does no damage.
You barely miss the hound.
The hound is almost dead.
You hit the adder. The hound barely misses you.
The adder bites you but does no damage.
You hit the hound.
You kill the hound!
You miss the adder. The adder bites you but does no damage.
The adder bites you.
You die...

########
#......#
#......###
........
.....#
#.S.=#
#@)..#
#...).)..#
#>##.....#
#<.....#
.........
..#....##.#
..#....# #
##.######


You could see an adder.

Vanquished Creatures
  A hound (D:4)
  An adder (D:4)
  3 kobolds (D:4)
  A goblin (D:4)
6 creatures vanquished.

Notes
Turn   | Place    | Note
-------+----------+-------------------------------------------
     0 | D:5      | qw the Gargoyle Delver began the quest for the Orb.
     0 | D:5      | Reached XP level 1. HP: 14/14 MP: 1/1
     0 | D:5      | 0 ||| qw: Version: 0.1-a-117-gfe26ee0
     0 | D:5      | 0 ||| qw: Game counter: 10175
     0 | D:5      | 0 ||| qw: Always use a shield: true
     0 | D:5      | 0 ||| qw: God list: Okawaru
     0 | D:5      | 0 ||| qw: Allow faded altars: false
     0 | D:5      | 0 ||| qw: Do Orc after D:15 true
     0 | D:5      | 0 ||| qw: Do second Lair branch before Depths: true
     0 | D:5      | 0 ||| qw: Lair rune preference: random
     0 | D:5      | 0 ||| qw: Plans: Normal
     0 | D:5      | 0 ||| PLANNING D:1-11
    59 | D:5      | 59 ||| UPGRADING to +0 scale mail.
    69 | D:5      | 69 ||| DROPPING +0 leather armour.
    70 | D:5      | 70 ||| DROPPING scroll of fog.
    71 | D:5      | 71 ||| DROPPING scroll of magic mapping.
    72 | D:5      | 72 ||| DROPPING scroll of fear.
    81 | D:4      | Noticed a hound
    90 | D:4      | Reached XP level 2. HP: 6/19 MP: 2/2
    90 | D:4      | HP: 3/19 [adder (3)]
    92 | D:4      | HP: 1/19 [adder (1)]
    96 | D:4      | Slain by an adder

Levels and vault maps discovered:
D:4:      layout_rooms, uniq_ijyb, uniq_menkaure
D:5:      layout_loops_cross, mainiacjoe_overflow_divided_tiny

Skill      XL: |  1 |
---------------+----+-----
Axes           | 2 |  2.6
Fighting       | |  3.2
Dodging        | |  1.5
Stealth        | |  5.4

Action                   || total
-------------------------++-------
Melee: Hand axe          ||    15
Armor: Scale mail        ||    29
Dodge: Dodged            ||    14

Table legend:
 A = Non-vault XP
 B = Vault XP
 C = Vault XP percentage of total XP
 D = Non-vault monster count
 E = Vault monster count
 F = Vault count percentage of total count
                 A         B        C        D         E       F
            +---------+---------+-------+---------+---------+-------
      Total |      60 |       0 |   0.0 |       6 |       0 |   0.0
            +---------+---------+-------+---------+---------+-------
        D:4 |      60 |       0 |   0.0 |       6 |       0 |   0.0
            +---------+---------+-------+---------+---------+-------
